 Dungeon Crawl Stone Soup version 0.29.1-13-g9f3cf754e1 (webtiles) character file.

Game seed: 6446349035627962654

112 theswoord the Shooter (level 4, -2/33 HPs)
             Began as a Demonspawn Hunter on Jan 23, 2023.
             Killed by nerve-wracking pain
             ... invoked by an orc priest
              (13 damage)
             ... on level 3 of the Dungeon.
             The game lasted 00:03:36 (3591 turns).

theswoord the Shooter (Demonspawn Hunter)           Turns: 3591, Time: 00:03:39

Health: -2/33      AC: 16    Str: 13    XL:     4   Next: 64%
Magic:  4/4        EV:  3    Int: 10    God:
Gold:   128        SH:  4    Dex: 17    Spells: 3/3 levels left

rFire   . . .      SeeInvis .   a - +1 shortbow
rCold   . . .      Faith    .   (shield currently unavailable)
rNeg    . . .      Spirit   .   j - +0 plate armour
rPois   .          Reflect  .   (no helmet)
rElec   .          Harm     .   (no cloak)
rCorr   .          Rampage  .   (no gloves)
Will    .....                   (no boots)
Stlth   ..........              (no amulet)
HPRegen 0.11/turn               (no ring)
MPRegen 0.09/turn               (no ring)

@: sanguine armoured
A: sanguine armour 1, condensation shield
a: no special abilities


You were on level 3 of the Dungeon.
You visited 1 branch of the dungeon, and saw 3 of its levels.

You collected 128 gold pieces.

Inventory:

Hand Weapons
 a - a +1 shortbow (weapon)
 k - a +2 short sword of venom
Armour
 c - a +0 leather armour
 j - a +0 plate armour (worn)
 n - a +0 helmet
 o - a +0 cloak
Scrolls
 b - a scroll of immolation
 d - 5 scrolls of identify
 e - a scroll of vulnerability
 f - 2 scrolls of enchant weapon
 g - a scroll of butterflies
 i - a scroll of blinking {unknown}
Potions
 h - a potion of curing {unknown}
 l - a potion of flight


   Skills:
 - Level 2.0 Fighting
 + Level 5.5 Ranged Weapons
 - Level 1.7 Dodging
 - Level 0.8 Stealth


You had 3 spell levels left.
You didn't know any spells.
Your spell library was empty.

Dungeon Overview and Level Annotations

Branches:
Dungeon (3/15)

Altars:

Shops:
D:2 (![   D:3 !


Innate Abilities, Weirdness & Mutations

When seriously injured, your blood forms armour. (AC +6)
A meltable shield of frost defends you. (SH +4)


Message History

The goblin barely misses you.
The orc priest looks braver for a moment.
You shoot an arrow.
The arrow hits the orc priest but does no damage.
The orc priest is almost dead.
The goblin hits you but does no damage.
The orc priest casts a cantrip, but nothing happens.
The goblin hits you but does no damage.
The orc priest hits you but does no damage.
You shoot an arrow.
The arrow closely misses the orc priest.
The goblin hits you but does no damage.
The orc priest calls down the wrath of Beogh upon you.
Pain shoots through your body!
* * * LOW HITPOINT WARNING * * *
Your blood congeals into armour.
The goblin hits you but does no damage.
The orc priest begins to cast a cantrip, but forgets the words!
You shoot an arrow. The arrow barely misses the orc priest.
The goblin hits you but does no damage. The orc priest hits you with a +0 whip.
* * * LOW HITPOINT WARNING * * *
The goblin hits you but does no damage.
The orc priest hits you but does no damage.
Unknown command.
You shoot an arrow.
The arrow closely misses the orc priest.
You block the goblin's attack.
The orc priest hits you but does no damage.
The goblin hits you but does no damage.
The orc priest hits you but does no damage.
Fire: a) +1 shortbow
Press: ? - help, Q - select action Shift-Dir - straight line, f/p - orc priest
Aim: an orc priest, wielding a +0 whip and wearing a +0 ring mail (almost dead, 68% to hit)
You shoot an arrow.
The arrow closely misses the orc priest.
The goblin hits you but does no damage.
The orc priest hits you but does no damage.
The goblin hits you but does no damage.
The orc priest invokes the aid of Beogh against you.
Pain shoots through your body!
You die...

#############.......##.#
#.#.##.....#
#.#....##### ####
#.#.#### ... #.### #..
#.# #.. #.# #.o####.#
#.g@).).# ##.###### ...
####


You could see an orc priest and a goblin.

Vanquished Creatures
  5 adders
  A worm (D:2)
  A dart slug (D:2)
  3 orcs (D:3)
  7 ball pythons
  4 bats
  3 endoplasms
  3 giant cockroaches
  5 hobgoblins
  10 kobolds
  A quokka (D:3)
  5 frilled lizards
  8 goblins
  2 rats
58 creatures vanquished.

Notes
Turn   | Place    | Note
-------+----------+-------------------------------------------
     0 | D:1      | theswoord the Demonspawn Hunter began the quest for the
                  | Orb.
     0 | D:1      | Reached XP level 1. HP: 16/16 MP: 1/1
    99 | D:1      | Reached skill level 4 in Ranged Weapons
   102 | D:1      | Gained mutation: A meltable shield of frost defends you.
                  | (SH +4) [demonic ancestry]
   102 | D:1      | Reached XP level 2. HP: 22/22 MP: 2/2
   770 | D:1      | HP: 1/22 [hobgoblin (3)]
  1083 | D:1      | Found a faded altar of an unknown god.
  1372 | D:2      | Reached XP level 3. HP: 9/27 MP: 3/3
  1754 | D:2      | Found Babrog's Distillery.
  1842 | D:2      | Found Hued's Weapon Shoppe.
  1856 | D:2      | Found Panuyha's Armour Boutique.
  2166 | D:3      | Reached skill level 5 in Ranged Weapons
  2303 | D:3      | Found Axka's Distillery.
  2367 | D:3      | Gained mutation: When seriously injured, your blood forms
                  | armour. (AC +6) [demonic ancestry]
  2367 | D:3      | Reached XP level 4. HP: 16/33 MP: 4/4
  3591 | D:3      | Killed from afar by an orc priest

Skill      XL: |  1  2  3 |
---------------+----------+-----
Ranged Weapons | 4 5 |  5.5
Fighting       | |  2.0
Dodging        | |  1.7
Stealth        | |  0.8

Action                   |  1- 3 |  4- 6 || total
-------------------------+-------+-------++-------
 Fire: Shortbow          |   118 |    65 ||   183
  Use: Potion            |     1 |       ||     1
       Scroll            |     7 |       ||     7
Armor: Leather armour    |     6 |       ||     6
       Skin              |    33 |       ||    33
       Plate armour      |    51 |    67 ||   118
Dodge: Dodged            |    32 |    12 ||    44
Block: Other             |    30 |    12 ||    42

Levels and vault maps discovered:
D:1:      dpeg_arrival_round_c, layout_basic, hellmonk_ecumenical_altar_zigzags
D:2:      layout_basic, serial_shops, nicolae_shop_trees, shop,
          nicolae_shop_advertising_works [nicolae_subvault_shop_adworks],
          kennysheep_generic_room_14
D:3:      mumra_celtic_spiral_tile, layout_basic, serial_shops,
          nicolae_shop_overgrown_old_shop, nicolae_shop_crystal
